 Dungeon Crawl Stone Soup version 0.29.1-12-g30fa7ad0bf (webtiles) character file.

Game seed: 255753254128926623

52239 RapScallion the Severer (level 14, -17/129 HPs)
             Began as a Hill Orc Fighter on Jan 18, 2023.
             Was an Elder of Okawaru.
             Demolished by an orc warrior
             ... wielding a +0 vorpal flail
              (18 damage)
             ... on level 1 of the Orcish Mines on Jan 19, 2023.
             The game lasted 02:01:20 (24074 turns).

RapScallion the Severer (Hill Orc Fighter)         Turns: 24074, Time: 02:01:20

Health: -17/129    AC: 22    Str: 24    XL:     14   Next: 63%
Magic:  18/19      EV:  7    Int:  8    God:    Okawaru [****..]
Gold:   1486       SH: 16    Dex: 10    Spells: 13/13 levels left

rFire   + . .      SeeInvis .   a - +7 war axe (elec)
rCold   . . .      Faith    .   R - +5 kite shield of the Beekeeper {rPois Will+ Regen+}
rNeg    . . .      Spirit   .   i - +0 plate armour
rPois   +          Reflect  .   l - +2 helmet
rElec   .          Harm     .   K - scarf {repulsion}
rCorr   .          Rampage  .   d - +1 pair of gloves
Will    +++..                   w - +0 pair of boots
Stlth   ..........              c - amulet of regeneration
HPRegen 1.91/turn               H - ring of protection from fire
MPRegen 0.16/turn               k - ring of willpower

@: silenced (expiring), repel missiles, unable to drink
A: [inability to drink after injury 2]
a: Renounce Religion


You were on level 1 of the Orcish Mines.
You worshipped Okawaru.
Okawaru was greatly pleased with you.
You visited 4 branches of the dungeon, and saw 20 of its levels.
You visited the Abyss 1 time.
You also visited: Sewer and Ossuary.

You collected 1534 gold pieces.
You spent 48 gold pieces at shops.

Inventory:

Hand Weapons
 a - a +7 war axe of electrocution (weapon)
 I - a +1 vampiric spear
 J - the +5 battleaxe "Hisyfuy" {speed, Dex+2}
   (You found it on level 1 of the Lair of Beasts)

   Attacks with this weapon are significantly faster.
   Dex:       It affects your dexterity (+2).
 M - a +0 battleaxe
Missiles
 h - 3 throwing nets (quivered)
Armour
 d - a +1 pair of gloves (worn)
 i - a +0 plate armour (worn)
 l - a +2 helmet (worn)
 w - a +0 pair of boots (worn)
 C - a scarf of resistance
 K - a scarf of repulsion (worn)
 R - the +5 kite shield of the Beekeeper (worn) {rPois Will+ Regen+}
   (Okawaru gifted it to you on level 1 of the Lair of Beasts)

   rPois:     It protects you from poison.
   Regen:     It increases your rate of health regeneration.
   Will:      It increases your willpower.
 Y - the +1 scale mail of Fashionability {*Corrode Str+5}
   (You found it on level 4 of the Lair of Beasts)

   Str:       It affects your strength (+5).
   *Corrode:  It may corrode you when you take damage.
Jewellery
 c - an amulet of regeneration (around neck)
 f - a ring of poison resistance
 k - a ring of willpower (right hand)
 H - a ring of protection from fire (left hand)
 L - a ring of willpower
Wands
 E - a wand of digging (4)
Scrolls
 p - 7 scrolls of teleportation
 u - 5 scrolls of fear
 v - 3 scrolls of poison
 P - 7 scrolls of identify
 S - 2 scrolls of fog
Potions
 b - 2 potions of ambrosia
 e - 5 potions of lignification
 j - 8 potions of curing
 m - 2 potions of magic
 o - a potion of cancellation
 q - 4 potions of flight
 s - 8 potions of brilliance
 t - 6 potions of heal wounds
 x - 5 potions of resistance
 A - 5 potions of haste
 F - 4 potions of might
 N - a potion of mutation
 V - a potion of invisibility


   Skills:
 + Level 13.3 Fighting
 + Level 18.5(19.7) Axes
 + Level 10.0(14.1) Polearms
 + Level 11.7 Armour
 - Level 2.0 Dodging
 - Level 0.2 Stealth
 * Level 11.3 Shields
 + Level 7.7 Invocations


You had 13 spell levels left.
You didn't know any spells.
Your spell library contained the following spells:

 Spells                   Type           Power      Damage    Failure   Level
 Freeze                   Ice            0%         1d3       100%        1
 Frozen Ramparts          Ice            0%         1d1       100%        3
 Gell's Gravitas          Tloc           0%         N/A       100%        3
 Lesser Beckoning         Tloc           0%         N/A       100%        3
 Portal Projectile        Hex/Tloc       0%         N/A       100%        3
 Teleport Other           Tloc           0%         N/A       100%        3
 Hailstorm                Conj/Ice       0%         3d3       100%        4
 Ice Form                 Ice/Tmut       0%         N/A       100%        4
 Leda's Liquefaction      Hex/Erth       0%         N/A       100%        4
 Borgnjor's Vile Clutch   Necr/Erth      0%         N/A       100%        5
 Dispersal                Tloc           0%         N/A       100%        6
 Call Canine Familiar     Summ           Unusable   N/A       N/A         3
 Animate Dead             Necr           Unusable   N/A       N/A         4
 Death Channel            Necr           Unusable   N/A       N/A         6
 Simulacrum               Ice/Necr       Unusable   N/A       N/A         6

Dungeon Overview and Level Annotations

Branches:
Dungeon (12/15)            Temple (1/1) D:5            Lair (5/5) D:8
 Shoals (0/4) Lair:2       Spider (0/4) Lair:3        Slime (0/5) Lair:5
    Orc (2/2) D:12          Sewer (visited)         Ossuary (visited)
    Elf: Orc:2

Altars:
Ashenzari
Cheibriados
Dithmenos
Elyvilon
Fedhas
Gozag
Hepliaklqana
Makhleb
Nemelex Xobeh
Okawaru
Qazlal
Ru
Sif Muna
Trog
Uskayaw
Vehumet
Wu Jian
Xom
Yredelemnul
Zin
The Shining One
Jiyva

Shops:
D:1 [   D:5 *   D:11 :

Annotations:
D:6 1 runed translucent door, Crazy Yiuf
D:11 1 runed translucent door, FakeRyeBread's ghost, journeyman GrFi
Temple 2 transporters
Lair:1 2 transporters, Gadrel's ghost, journeyman GrEn


Innate Abilities, Weirdness & Mutations

[You sometimes lose the ability to drink potions when taking damage.]


Message History

You kill Snorg!
Okawaru accepts your kill.
You barely miss the orc warlord. You block the orc warlord's attack.
You slash the orc warlord!
Lightning courses through the orc warlord!
The orc warlord is severely wounded.
You hit the orc warlord but do no damage.
The orc warlord is severely wounded.
An orc comes into view. It is wielding a +0 hand axe.
The orc warlord hits you with a +3 war axe of distortion!!
* * * LOW HITPOINT WARNING * * *
Space warps around you.
* * * LOW HITPOINT WARNING * * *
You hit the orc warlord.
The orc warlord is severely wounded.
The orc warlord hits you but does no damage.
Space warps around you.
* * * LOW HITPOINT WARNING * * *
You hit the orc warlord but do no damage.
The orc warlord is severely wounded.
You hit the orc warrior. You block the orc warlord's attack.
You block the orc warrior's attack.
You barely miss the orc warlord.
The orc warlord is severely wounded.
You slash the orc warrior! You block the orc warrior's attack.
The orc warlord roars a battlecry!
The orc warrior goes into a battle-frenzy!
You hit the orc warlord but do no damage.
Lightning courses through the orc warlord!
The orc warlord is almost dead.
You slash the orc warrior! You barely miss the orc warlord.
The orc warlord is almost dead.
You completely miss the orc warrior.
The orc warlord hits you with a +3 war axe of distortion!!
* * * LOW HITPOINT WARNING * * *
Space warps around you.
* * * LOW HITPOINT WARNING * * *
The orc warrior hits you with a +0 vorpal flail!!
You die...

### #.## #..## ... ..
###...## ##... .## #o#<...##
.....##.# ##@).....#
........######>o......#
..........#.##.......####
.............o..........###
...........^......###.....##
......^...........#(##.....#
.#####.........".)_.#....####
##...........#.##....#..# .
#............###.......#


You could see an orc warlord, an orc warrior (strong) and an orc.

Vanquished Creatures
  Snorg (Orc:1)
  A fire dragon (Lair:5)
  Josephine (Lair:3)
  3 hydras
  Fannar (Lair:3)
  Erolcha (D:10)
  3 two-headed ogres
  2 catoblepae
  The ghost of Wentworth the Thaumaturge, a journeyman VSIE of Gozag (Orc:1)
  A dancing weapon (Orc:1)
  6 death yaks
  Amaemon (Lair:3)
  2 wretched stars (Abyss:3)
  A swamp dragon (Lair:5)
  A wolf spider (Lair:5)
  A deep elf pyromancer (D:12)
  An oklob plant (Lair:1)
  A cyclops (D:11)
  A manticore (D:11)
  6 elephants (Lair:5)
  A guardian serpent (Lair:5)
  A torpor snail (Lair:5)
  7 black mambas
  An orange demon (Lair:3)
  12 cane toads
  A gargoyle (D:10)
  A kobold demonologist (D:9)
  An unseen horror (D:12)
  A rime drake (Lair:3)
  11 komodo dragons
  7 trolls
  4 hornets
  Prince Ribbit (D:6)
  A polar bear (Lair:4)
  13 blink frogs
  A snapping turtle (Lair:2)
  9 wyverns
  A culicivora (shapeshifter) (Abyss:3)
  5 wraiths (Lair:3)
  41 yaks
  5 redbacks
  Eustachio (D:6)
  2 vampires
  2 vampire mosquitoes (D:12)
  2 steam dragons
  Menkaure (D:6)
  4 acid dragons (Lair:5)
  20 water moccasins
  2 swamp drakes (Lair:5)
  5 orc warriors
  An ice beast (D:5)
  2 ogres (D:5)
  16 wolves
  7 centaurs
  A phantom (D:4)
  3 kobold brigands
  5 bullfrogs
  A necrophage (D:5)
  A gnoll sergeant (D:8)
  3 scorpions
  3 water moccasin zombies (Ossuary)
  8 killer bees
  3 electric eels (D:8)
  A crimson imp (Orc:2)
  2 gnoll boudas
  4 hounds (D:8)
  A jelly (D:6)
  8 orc priests
  11 iguanas
  8 orc wizards
  A hell rat (Sewer)
  A boggart simulacrum (D:11)
  2 mummies (Ossuary)
  16 gnolls
  2 river rats (Sewer)
  12 adders
  A white imp (D:7)
  2 ufetubi
  2 adder zombies (Ossuary)
  A worm (D:3)
  3 dart slugs
  34 orcs
  11 ball pythons
  6 bats
  6 endoplasms
  4 giant cockroaches
  3 gnoll zombies (Ossuary)
  7 goblins
  6 hobgoblins
  3 jackals (D:1)
  17 kobolds
  4 quokkas
  9 frilled lizards
  5 hobgoblin zombies (Ossuary)
  7 kobold zombies (Ossuary)
  8 orc zombies (Ossuary)
  14 rats
  A lurking horror (Abyss:3)
477 creatures vanquished.

Vanquished Creatures (others)
  An iguana (Lair:5)
  31 fungi
  80 plants
  10 withered plants
122 creatures vanquished.

Grand Total: 599 creatures vanquished

Notes
Turn   | Place    | Note
-------+----------+-------------------------------------------
     0 | D:1      | RapScallion the Hill Orc Fighter began the quest for the
                  | Orb.
     0 | D:1      | Reached XP level 1. HP: 19/19 MP: 1/1
    51 | D:1      | Found Ufeydestra's Antique Armour Boutique.
    68 | D:1      | Reached XP level 2. HP: 19/27 MP: 2/2
   358 | D:1      | Reached skill level 3 in Axes
   370 | D:1      | Reached XP level 3. HP: 32/33 MP: 3/3
   962 | D:2      | Found a faded altar of an unknown god.
  1035 | D:2      | Reached XP level 4. HP: 38/40 MP: 4/4
  1204 | D:2      | Reached skill level 4 in Axes
  2089 | D:3      | Reached XP level 5. HP: 46/46 MP: 5/5
  2094 | D:3      | Reached skill level 5 in Axes
  2104 | D:3      | Reached skill level 1 in Dodging
  2191 | D:3      | Found a glowing drain.
  2204 | Sewer    | Entered a sewer
  2271 | Sewer    | Reached XP level 6. HP: 12/55 MP: 6/6
  3099 | D:4      | Reached skill level 5 in Fighting
  3561 | D:4      | Reached skill level 6 in Axes
  3745 | D:4      | Found an opulent altar of Gozag.
  3746 | D:4      | Found a hazy altar of Hepliaklqana.
  3746 | D:4      | Found a white marble altar of Elyvilon.
  3938 | D:4      | Found a sparkling altar of Nemelex Xobeh.
  3938 | D:4      | Found an ornate altar of the Wu Jian Council.
  4111 | D:4      | Reached XP level 7. HP: 61/61 MP: 7/7
  4193 | D:4      | Reached skill level 7 in Axes
  4392 | D:4      | You fall into a shaft and drop 1 floor!
  4392 | D:5      | Entered Level 5 of the Dungeon
  4521 | D:5      | Found Anouxor's Assorted Antiques.
  4536 | D:5      | Reached skill level 8 in Axes
  4571 | D:5      | Found a sand-covered staircase.
  4579 | Ossuary  | Entered an ossuary
  4676 | Ossuary  | Reached XP level 8. HP: 64/70 MP: 8/8
  4761 | Ossuary  | Reached skill level 9 in Axes
  4891 | D:5      | Bought a scroll of identify for 48 gold pieces
  4941 | D:5      | Found a blossoming altar of Fedhas.
  4950 | D:5      | Found a staircase to the Ecumenical Temple.
  5172 | Temple   | Entered the Ecumenical Temple
  5172 | Temple   | Found a transporter.
  5172 | Temple   | Found a transporter.
  5174 | Temple   | Found a transporter.
  5174 | Temple   | Found a transporter.
  5185 | Temple   | Became a worshipper of Warmaster Okawaru
  5365 | D:5      | Reached skill level 5 in Armour
  5436 | D:5      | Reached skill level 10 in Axes
  5717 | D:6      | Noticed Menkaure
  6313 | D:6      | Noticed Eustachio
  6329 | D:6      | Killed Eustachio
  6329 | D:6      | Reached * piety under Okawaru
  6659 | D:6      | Noticed Prince Ribbit
  6674 | D:6      | Killed Prince Ribbit
  6675 | D:6      | Reached skill level 11 in Axes
  6675 | D:6      | Reached XP level 9. HP: 79/79 MP: 9/9
  6819 | D:6      | Killed Menkaure
  6945 | D:6      | Found a runed translucent door.
  6946 | D:6      | Noticed Crazy Yiuf
  7048 | D:7      | Found a stormy altar of Qazlal.
  7373 | D:7      | Reached ** piety under Okawaru
  7439 | D:7      | Noticed a two-headed ogre
  7448 | D:7      | Killed a two-headed ogre
  7449 | D:7      | Reached skill level 12 in Axes
  7449 | D:7      | Reached skill level 1 in Invocations
  8094 | D:8      | Found a hide-covered altar of Uskayaw.
  8094 | D:8      | Noticed a troll
  8107 | D:8      | Killed a troll
  8107 | D:8      | Reached *** piety under Okawaru
  8203 | D:8      | Reached skill level 13 in Axes
  8221 | D:8      | Noticed a troll
  8233 | D:8      | Killed a troll
  8234 | D:8      | Reached XP level 10. HP: 63/88 MP: 7/11
  8339 | D:8      | Noticed a two-headed ogre
  8351 | D:8      | Killed a two-headed ogre
  8511 | D:8      | Reached **** piety under Okawaru
  8956 | D:8      | Reached skill level 14 in Axes
  8956 | D:8      | Reached skill level 5 in Shields
  9666 | D:8      | Found a staircase to the Lair.
 10097 | D:9      | Noticed a two-headed ogre
 10119 | D:9      | Killed a two-headed ogre
 10120 | D:9      | Reached skill level 1 in Polearms
 10856 | D:9      | Reached XP level 11. HP: 82/97 MP: 10/13
 12039 | D:10     | Entered Level 10 of the Dungeon
 12230 | D:10     | Reached skill level 5 in Polearms
 12268 | D:10     | Found a shadowy altar of Dithmenos.
 12565 | D:10     | Noticed Erolcha
 13119 | D:10     | Paralysed by Erolcha for 4 turns
 13136 | D:10     | Killed Erolcha
 13277 | D:11     | Noticed a cyclops
 13291 | D:11     | Killed a cyclops
 13467 | D:11     | Noticed a manticore
 13478 | D:11     | Killed a manticore
 13479 | D:11     | Reached skill level 10 in Fighting
 13624 | D:11     | Reached ***** piety under Okawaru
 13726 | D:11     | Found a runed translucent door.
 13730 | D:11     | Found Vasirchuri's Book Boutique.
 13744 | D:11     | Noticed FakeRyeBread's ghost (journeyman GrFi)
 14123 | D:12     | Noticed a deep elf pyromancer
 14179 | Lair:1   | Entered Level 1 of the Lair of Beasts
 14381 | Lair:1   | Found a transporter.
 14384 | Lair:1   | Found a transporter.
 14386 | Lair:1   | Noticed Gadrel's ghost (journeyman GrEn)
 14473 | Lair:1   | Reached XP level 12. HP: 101/106 MP: 11/15
 14480 | Lair:1   | Reached skill level 5 in Invocations
 14524 | Lair:1   | Identified the +5 battleaxe "Hisyfuy" {speed, Dex+2}
 14567 | Lair:1   | Noticed a death yak
 14608 | Lair:1   | Noticed a death yak
 14629 | Lair:1   | Killed a death yak
 14630 | Lair:1   | Reached skill level 10 in Armour
 14696 | Lair:1   | Noticed a death yak
 14698 | Lair:1   | Noticed a death yak
 14698 | Lair:1   | Noticed a death yak
 14716 | Lair:1   | Killed a death yak
 14722 | Lair:1   | Killed a death yak
 14724 | Lair:1   | Killed a death yak
 14724 | Lair:1   | Identified the +5 kite shield of the Beekeeper {rPois Will+
                  | Regen+} (Okawaru gifted it to you on level 1 of the Lair of
                  | Beasts)
 14724 | Lair:1   | Received a gift from Okawaru
 14732 | Lair:1   | Killed a death yak
 15283 | Lair:1   | Noticed a six-headed hydra
 15314 | Lair:1   | Killed a six-headed hydra
 15350 | Lair:1   | Noticed a seven-headed hydra
 15451 | Lair:1   | Killed a seven-headed hydra
 15503 | Lair:1   | Found the +1 robe of Vines {NoPotionHeal Regen++++}
 15637 | Lair:1   | Reached skill level 15 in Axes
 16125 | Lair:2   | You fall into a shaft and drop 1 floor!
 16735 | Lair:2   | Noticed a catoblepas
 16746 | Lair:2   | Killed a catoblepas
 16747 | Lair:2   | Reached XP level 13. HP: 116/116 MP: 9/17
 17066 | Lair:2   | Found a staircase to the Shoals.
 17773 | Lair:3   | Noticed Fannar
 17787 | Lair:3   | Killed Fannar
 18267 | Lair:3   | Found a hole to the Spider Nest.
 18310 | Lair:3   | Noticed Amaemon
 18321 | Lair:3   | Killed Amaemon
 18322 | Lair:3   | Reached skill level 10 in Polearms
 18380 | Lair:3   | Noticed Josephine
 18397 | Lair:3   | Killed Josephine
 19000 | Lair:4   | Reached skill level 16 in Axes
 19456 | Lair:4   | Identified the +1 scale mail of Fashionability {*Corrode
                  | Str+5}
 19937 | Lair:5   | Entered Level 5 of the Lair of Beasts
 20133 | Lair:5   | Reached skill level 10 in Shields
 20224 | Lair:5   | Received a gift from Okawaru
 20577 | Lair:5   | Reached skill level 17 in Axes
 20725 | Lair:5   | Reached XP level 14. HP: 117/127 MP: 16/19
 20885 | Lair:5   | Found a white marble altar of Elyvilon.
 22189 | Lair:5   | Found a viscous altar of Jiyva.
 22189 | Lair:5   | Found a staircase to the Slime Pits.
 22240 | Lair:5   | Reached skill level 18 in Axes
 22619 | Lair:5   | Received a gift from Okawaru
 23239 | D:12     | Found a staircase to the Orcish Mines.
 23764 | Orc:1    | Entered Level 1 of the Orcish Mines
 23764 | Orc:1    | Found a runed translucent door.
 23795 | Orc:1    | Found a shimmering altar of Xom.
 23795 | Orc:1    | Noticed Wentworth's ghost (journeyman VSIE)
 23818 | Orc:1    | Killed Wentworth's ghost
 23849 | Orc:1    | Noticed an orc warlord
 23849 | Orc:1    | Noticed Snorg
 23879 | Abyss:3  | Cast into level 3 of the Abyss (orc warlord)
 23989 | Orc:1    | Escaped the Abyss
 23992 | Orc:2    | Entered Level 2 of the Orcish Mines
 24067 | Orc:1    | Killed Snorg
 24074 | Orc:1    | HP: 3/129 [orc warlord/+3 war axe of distortion (23)]
 24074 | Orc:1    | HP: 1/129 [orc warlord/+3 war axe of distortion (2)]
 24074 | Orc:1    | Demolished by an orc warrior

Illustrated notes

Levels and vault maps discovered:
D:1:      psy_arrival_dodecagon, layout_basic, serial_shops, shop
D:2:      layout_basic, shapermc_ecumenical_altar_flowoftime
D:3:      cheibrodos_pilgrimage, layout_basic, portal_sewer_entry_d, hex_medium,
          chequers_serial_rivers_micro_d
D:4:      layout_basic, gammafunk_temple_overflow_wave,
          chequers_temple_overflow_statue_of_worship, nicolae_titane
D:5:      layout_basic, fedhas_altar_3, minmay_temple_entry_drinking_statues,
          chequers_ossuary_entry_cave, serial_shops, nicolae_diamond_shop,
          corexii_corridor_pit, nrook_mini_backslash
D:6:      layout_basic, lexackson_kobold_supper, uniq_eustachio,
          uniq_crazy_yiuf_cottage, uniq_prince_ribbit1, uniq_menkaure
D:7:      layout_cave_pods, nicolae_qazlal_style_of_elements
D:8:      layout_rooms, nicolae_uskayaw_suspiria, erik_lair_island,
          minmay_misc_feat_rugged
D:9:      layout_stronghold
D:10:     layout_basic, pf_just_have_faith, roderic_filled_cross, uniq_erolcha
D:11:     layout_rooms, gammafunk_ghost_grave, serial_shops,
          nicolae_shop_statue_plus
D:12:     layout_layer_cave, orc_0_dummy
Temple:   hellmonk_temple_divided_pantheon
Lair:1:   layout_roguey, gammafunk_ghost_hive, grunt_forest_small_clearings,
          chequers_serial_rivers_small_a, hellmonk_guarded_unrand_vines,
          serial_bayou_shore_b
Lair:2:   layout_cave_pods, minmay_shoals_entry_hut, minmay_holes,
          grunt_megastairs_4
Lair:3:   layout_regular_city, spider_nest_entry_webs,
          chequers_serial_rivers_micro_e, grunt_forest_stairs_basic,
          chequers_serial_rivers_micro_b, uniq_josephine, uniq_fannar,
          uniq_amaemon
Lair:4:   layout_regular_city
Lair:5:   guppyfry_lair_end_dragon, layout_regular_city,
          hangedman_lair_tendril_chambers, dpeg_slime_entry_enclosed,
          basic_altar
Orc:1:    layout_diamond_mine, basic_altar, ebering_ghost_xom, uniq_sonja,
          uniq_snorg
Orc:2:    st_orc_pillars, layout_caves, david_defended_altar_orc

Skill      XL: |  1  2  3  4  5  6  7  8  9 10 11 12 13 14 |
---------------+-------------------------------------------+-----
Fighting       | 4 5 7 8 9 10 11 12 13 | 13.3
Axes           | 3 4 5 6 8 11 13 14 15 17 18 | 18.5
Shields        | 4 5 6 8 10 11 | 11.3
Dodging        | 1 2 |  2.0
Armour         | 4 5 7 8 9 10 11 | 11.7
Invocations    | 1 3 4 6 7 |  7.7
Polearms       | 3 8 9 10 | 10.0
Stealth        | |  0.2

Action                   |  1- 3 |  4- 6 |  7- 9 | 10-12 | 13-15 || total
-------------------------+-------+-------+-------+-------+-------++-------
Melee: War axe           |   122 |   201 |   346 |    92 |   107 ||   868
       Spear             |       |       |       |  1069 |    50 ||  1119
       Battleaxe         |       |       |       |    39 |   460 ||   499
Invok: Heroism           |       |       |     5 |    38 |    19 ||    62
       Finesse           |       |       |       |    11 |     9 ||    20
  Use: Potion            |       |     1 |     1 |     2 |     2 ||     6
       Scroll            |       |    12 |    12 |     7 |    13 ||    44
 Stab: Confused          |       |       |       |       |     1 ||     1
Armor: Scale mail        |    58 |    98 |       |       |       ||   156
       Plate armour      |       |       |   155 |   373 |   292 ||   820
Dodge: Dodged            |    55 |    82 |    99 |   202 |   160 ||   598
       Repelled          |       |       |       |       |     2 ||     2
Block: Buckler           |    27 |    34 |    41 |   102 |       ||   204
       Kite shield       |       |       |       |   161 |   128 ||   289
